 Dungeon Crawl Stone Soup version 0.32-a0-42-ga30500b4d3 (webtiles) character file.

Game seed: 7223873414732645116

17051 Dittersdorf the Blocker (level 12, -19/74 (78) HPs)
             Began as a Gargoyle Fighter on Jan 29, 2024.
             Demolished by a spectral orc knight
             ... wielding a +2 heavy battleaxe
             ... summoned by Nergalle
              (22 damage)
             ... on level 10 of the Dungeon.
             The game lasted 00:16:37 (9539 turns).

Dittersdorf the Blocker (Gargoyle Fighter)          Turns: 9539, Time: 00:16:37

HP:   -19/74 (78)   AC: 35    Str: 31    XL:     12   Next: 43%
MP:   12/12         EV:  8    Int:  9    God:
Gold: 1116          SH:  7    Dex: 15    Spells: 11/11 levels left

rFire   . . .        B - +3 flail
rCold   + . .        c - +0 buckler
rNeg    + . .        I - +2 plate armour {rC+}
rPois   ∞            n - +0 helmet
rElec   +            y - +1 cloak {rCorr}
rCorr   +            t - +2 pair of gloves
SInv    .            i - +0 pair of boots
Will    .....        p - amulet of magic regeneration Stlth
                     m - +6 ring of dexterity
HPRegen 0.32/turn    u - +6 ring of strength
MPRegen 0.53/turn

%: no passive effects
@: studying Fighting, drained
A: sickness immunity, AC +8, negative energy resistance 1, electricity
resistance, torment resistance 1, petrification resistance
a: no special abilities


You were on level 10 of the Dungeon.
You visited 2 branches of the dungeon, and saw 11 of its levels.
You also visited: Ossuary and Bailey.

You collected 1297 gold pieces.
You spent 181 gold pieces at shops.

Inventory:

Hand Weapons
 B - a +3 flail (weapon)
Missiles
 j - 2 throwing nets
Armour
 c - a +0 buckler (worn)
 i - a +0 pair of boots (worn)
 n - a +0 helmet (worn)
 t - a +2 pair of gloves (worn)
 y - a +1 cloak of preservation (worn)
 G - the +9 crystal plate armour "Zuhaawobb" {Int+2}
   (You found it in a bailey)

   Int+2:     It affects your intelligence (+2).
 I - a +2 plate armour of cold resistance (worn)
Jewellery
 m - a +6 ring of dexterity (left hand)
 p - an amulet of magic regeneration (around neck)
 s - a ring of ice
 u - a +6 ring of strength (right hand)
Wands
 h - a wand of polymorph (2)
 x - a wand of iceblast (1) (quivered)
Scrolls
 k - a scroll of poison
 o - 2 scrolls of identify
 r - 3 scrolls of teleportation
 v - 2 scrolls of brand weapon
Potions
 a - 4 potions of enlightenment
 b - 3 potions of cancellation
 d - 2 potions of might
 e - 4 potions of curing
 f - 2 potions of mutation
 g - 3 potions of heal wounds
 l - a potion of magic
 q - 2 potions of haste
 z - 2 potions of brilliance
Miscellaneous
 C - a sack of spiders (inert)
 D - a lightning rod (2/4)
 F - a condenser vane
 H - a phial of floods


   Skills:
 + Level 10.5 Fighting
 + Level 9.1 Maces & Flails
 + Level 12.2 Armour
 + Level 12.3 Shields


You had 11 spell levels left.
You didn't know any spells.
Your spell library contained the following spells:

 Spells                   Type           Power      Damage    Failure   Level
 Kiss of Death            Conj/Necr      0%         2d5       95%         1
 Summon Small Mammal      Summ           0%         N/A       95%         1
 Ensorcelled Hibernation  Hex/Ice        0%         N/A       99%         2
 Lesser Beckoning         Tloc           0%         N/A       99%         2
 Call Canine Familiar     Summ           0%         N/A       100%        3
 Confusing Touch          Hex            0%         N/A       100%        3
 Fugue of the Fallen      Necr           0%         N/A       100%        3
 Gell's Gravitas          Tloc           0%         N/A       100%        3
 Teleport Other           Tloc           0%         N/A       100%        3
 Anguish                  Hex/Necr       0%         N/A       100%        4
 Dispel Undead            Necr           0%         3d6       100%        4
 Manifold Assault         Tloc           0%         N/A       100%        4
 Summon Blazeheart Golem  Fire/Summ      0%         N/A       100%        4
 Dispersal                Tloc           0%         N/A       100%        6
 Disjunction              Tloc           0%         N/A       100%        8


Dungeon Overview and Level Annotations

Branches:
Dungeon (10/15)            Temple (1/1) D:4         Ossuary (visited)
 Bailey (visited)
   Lair: D:8-11         Orc: D:9-12

Altars:
Ashenzari
Cheibriados
Dithmenos
Elyvilon
Fedhas
Hepliaklqana
Kikubaaqudgha
Makhleb
Nemelex Xobeh
Okawaru
Qazlal
Ru
Sif Muna
Trog
Uskayaw
Vehumet
Wu Jian
Xom
Yredelemnul
Zin
The Shining One

Shops:
D:4 [   D:6 :[

Annotations:
D:8 4 runed translucent doors
D:10 Nergalle


Innate Abilities, Weirdness & Mutations

You are immune to sickness and miasma.
Your stone body is resilient. (AC +8)
You are immune to poison.
You resist negative energy. (rN+)
You are resistant to electric shocks. (rElec)
You are resistant to unholy torment.
You are immune to petrification.


Message History

The spectral orc warrior barely misses you.
Nergalle hits you but does no damage.
The spectral orc hits you but does no damage.
The spectral orc knight hits you with a +2 heavy battleaxe.
You hit Nergalle.
Nergalle is lightly wounded.
Nergalle hits you but does no damage.
The spectral orc hits you but does no damage.
You block the spectral orc warrior's attack.
The spectral orc knight hits you with a +2 heavy battleaxe.
You hit Nergalle.
Nergalle is lightly wounded.
The spectral orc hits you but does no damage.
Nergalle gestures at you while chanting.
Orcish apparitions take form around you.
The spectral orc warrior hits you but does no damage.
You closely miss Nergalle.
Nergalle is lightly wounded.
The spectral orc closely misses you. You block Nergalle's attack.
The spectral orc knight hits you with a +2 heavy battleaxe!!
* * * LOW HITPOINT WARNING * * *
You block the spectral orc warrior's attack.
You sock Nergalle!
Nergalle is moderately wounded.
You block the spectral orc's attack. Nergalle hits you with a +0 dagger.
* * * LOW HITPOINT WARNING * * *
You block the spectral orc warrior's attack.
You closely miss Nergalle.
Nergalle is moderately wounded.
The spectral orc knight hits you but does no damage.
You block Nergalle's attack.
The spectral orc hits you but does no damage.
The spectral orc warrior closely misses you.
You hit Nergalle but do no damage.
Nergalle is moderately wounded.
You block the spectral orc warrior's attack.
The spectral orc hits you but does no damage.
Nergalle closely misses you.
The spectral orc knight hits you with a +2 heavy battleaxe!!
You die...

............ .....
...#........ ...#
#........... #
...###..........# .#
...#............# ...
...#............# ....
...#............# .....
...#...........Z##......
...'..........ZZ@o......
####........)..Z##......
#...........Z# ?....
#........##### ....
#........# ...
########## .. .


You could see Nergalle, a spectral orc (summoned), 2 spectral orc warriors and 2
spectral orc knights.

Vanquished Creatures
  A boulder beetle (D:8)
  A two-headed ogre (D:9)
  An orc knight (Bailey)
  A deep elf pyromancer (Bailey)
  A troll (D:9)
  Prince Ribbit (D:7)
  Grinder (D:5)
  Sigmund (D:3)
  A shadow (D:8)
  A wyvern (D:8)
  A wraith (D:9)
  6 yaks (D:4)
  Grum (D:8)
  3 steam dragons
  3 black bears
  7 orc warriors
  3 ice beasts
  4 wolves
  4 centaurs
  A weeping skull (Ossuary)
  5 bullfrogs
  4 necrophages (D:6)
  3 kobold brigands
  A scorpion (D:4)
  18 wights
  A burial acolyte (Ossuary)
  6 killer bees
  4 electric eels (D:9)
  A howler monkey (D:5)
  A crimson imp (D:5)
  2 centaur zombies
  A bombardier beetle (D:3)
  A bullfrog zombie (D:6)
  A human zombie (D:6)
  2 jellies
  3 hounds
  3 orc priests
  A gnoll bouda (D:5)
  Jessica (D:2)
  An iguana (D:6)
  A sleepcap (D:5)
  Natasha (twice) (D:2)
  3 orc wizards
  2 killer bee zombies (D:6)
  3 mummies
  5 adders
  9 gnolls
  A shadow imp (D:7)
  2 white imps
  2 ribbon worms (D:2)
  A dart slug (D:4)
  27 orcs
  10 endoplasms
  4 giant cockroaches
  2 gnoll zombies (Ossuary)
  6 goblins
  3 hobgoblins
  26 kobolds
  4 quokkas
  7 ball pythons
  8 bats
  2 frilled lizards
  4 kobold zombies (Ossuary)
  An orc zombie (Ossuary)
  2 rats (D:1)
240 creatures vanquished.

Notes
Turn   | Place    | Note
-------+----------+-------------------------------------------
     0 | D:1      | Dittersdorf the Gargoyle Fighter began the quest for the
                  | Orb.
     0 | D:1      | Reached XP level 1. HP: 14/14 MP: 1/1
   112 | D:1      | Reached XP level 2. HP: 19/19 MP: 2/2
   432 | D:1      | Reached XP level 3. HP: 9/23 MP: 3/3
  1202 | D:2      | Noticed Jessica
  1213 | D:2      | Killed Jessica
  1214 | D:2      | Reached XP level 4. HP: 29/29 MP: 4/4
  1501 | D:2      | Noticed Natasha
  1504 | D:2      | Killed Natasha
  1682 | D:2      | Noticed Natasha
  1685 | D:2      | Killed Natasha
  1686 | D:2      | Reached XP level 5. HP: 33/33 MP: 5/5
  2155 | D:3      | Noticed Sigmund
  2166 | D:3      | HP: 1/34 [Sigmund/puff of flame (11)]
  2167 | D:3      | Killed Sigmund
  2168 | D:3      | Reached XP level 6. HP: 2/40 MP: 6/6
  2373 | D:3      | Noticed a glass eye
  2375 | D:3      | Found a faded altar of an unknown god.
  2377 | D:3      | Noticed a shining eye
  2377 | D:3      | Noticed a great orb of eyes
  2377 | D:3      | Noticed a great orb of eyes
  2503 | D:4      | Identified a scroll of acquirement
  2503 | D:4      | Acquired 674 gold pieces
  2521 | D:4      | Found a staircase to the Ecumenical Temple.
  2526 | Temple   | Entered the Ecumenical Temple
  2583 | D:4      | Noticed a yak
  2584 | D:4      | Noticed a yak
  2584 | D:4      | Noticed a yak
  2584 | D:4      | Noticed a yak
  2586 | D:4      | Noticed a yak
  2599 | D:4      | Noticed a yak
  2601 | D:4      | Killed a yak
  2602 | D:4      | Reached skill level 5 in Fighting
  2602 | D:4      | Reached skill level 5 in Armour
  2602 | D:4      | Reached skill level 5 in Shields
  2602 | D:4      | Reached XP level 7. HP: 20/44 MP: 7/7
  2605 | D:4      | Killed a yak
  2607 | D:4      | Killed a yak
  2617 | D:4      | Killed a yak
  2618 | D:4      | Reached XP level 8. HP: 9/51 MP: 8/8
  2618 | D:4      | HP: 2/51 [yak (7)]
  2623 | D:4      | Killed a yak
  2624 | D:4      | Reached skill level 5 in Maces & Flails
  2626 | D:4      | Killed a yak
  2636 | D:4      | Found a sand-covered staircase.
  2641 | Ossuary  | Entered an ossuary
  3280 | D:4      | Found a white marble altar of Elyvilon.
  3294 | D:4      | Found a stormy altar of Qazlal.
  3303 | D:4      | Found a blossoming altar of Fedhas.
  3306 | D:4      | Found an iron altar of Okawaru.
  3562 | D:4      | Found a sparkling altar of Nemelex Xobeh.
  3795 | D:4      | Found Firgh's Armour Shop.
  3924 | D:5      | Entered Level 5 of the Dungeon
  3972 | D:5      | Noticed Grinder
  3995 | D:5      | Reached XP level 9. HP: 48/56 MP: 9/9
  4008 | D:5      | Paralysed by Grinder for 4 turns
  4015 | D:5      | Killed Grinder
  4447 | D:5      | Found a shimmering altar of Xom.
  4534 | D:5      | Found a burning altar of Makhleb.
  4648 | D:6      | Found Buogy's Book Boutique.
  5113 | D:6      | Found Ylied's Armour Boutique.
  5118 | D:6      | Bought a +1 cloak of preservation for 181 gold pieces
  5453 | D:6      | Found a basalt altar of Yredelemnul.
  5731 | D:7      | Reached XP level 10. HP: 53/64 MP: 10/10
  6859 | D:7      | Noticed Prince Ribbit
  6895 | D:7      | Killed Prince Ribbit
  6963 | D:7      | Found a shimmering blue altar of Sif Muna.
  7049 | D:8      | Found a large runed translucent door.
  7049 | D:8      | Found a large runed translucent door.
  7147 | D:8      | Noticed Grum
  7410 | D:8      | Killed Grum
  7558 | D:8      | Found a large runed translucent door.
  7563 | D:8      | Found a large runed translucent door.
  7585 | D:8      | Found a bloodstained altar of Trog.
  7797 | D:8      | Noticed a boulder beetle
  7815 | D:8      | Killed a boulder beetle
  7816 | D:8      | Reached XP level 11. HP: 47/71 MP: 11/11
  8206 | D:9      | Found a flagged portal.
  8226 | Bailey   | Entered a bailey
  8400 | Bailey   | Noticed an orc knight
  8409 | Bailey   | Killed an orc knight
  8410 | Bailey   | Reached skill level 10 in Shields
  8410 | Bailey   | Found a large runed translucent door.
  8410 | Bailey   | Found a large runed translucent door.
  8428 | Bailey   | Reached skill level 10 in Fighting
  8469 | Bailey   | Noticed a deep elf pyromancer
  8503 | Bailey   | Killed a deep elf pyromancer
  8504 | Bailey   | Reached skill level 10 in Armour
  8518 | Bailey   | Identified the +9 crystal plate armour "Zuhaawobb" {Int+2}
  8574 | D:9      | Acquired a manual of Fighting
  8577 | D:9      | Reached XP level 12. HP: 77/77 MP: 12/12
  9211 | D:9      | Noticed a two-headed ogre
  9218 | D:9      | Killed a two-headed ogre
  9474 | D:10     | Entered Level 10 of the Dungeon
  9519 | D:10     | Noticed Nergalle
  9536 | D:10     | HP: 3/74 [spectral orc knight/+2 heavy battleaxe[Nergalle]
                  | (21)]
  9539 | D:10     | Demolished by a spectral orc knight

Illustrated notes

Levels and vault maps discovered:
D:1:      lemuel_arrival_lava_pool, layout_basic, minmay_misc_feat_rugged,
          grunt_decor_junction
D:2:      layout_basic, chequers_avenue, minmay_bisected, uniq_natasha,
          uniq_jessica
D:3:      layout_rooms, hellmonk_ecumenical_altar_watching_god, uniq_sigmund
D:4:      layout_basic, mainiacjoe_overflow_catwalk,
          grunt_temple_overflow_cloverleaf, temple_doors_e, enter_ossuary_2,
          serial_shops, nicolae_shop_behind_doors,
          chequers_serial_rivers_small_b
D:5:      layout_rooms, makhleb_grotto_becter, xom_teletrap_fun, uniq_grinder
D:6:      layout_basic, lemuel_mausoleum_altar_yredelemnul, serial_shops,
          nicolae_shop_just_a_little_nook, nicolae_take_the_stairs,
          dreamdust_mushroom_princess
D:7:      layout_loops_corners, lemuel_coloured_pillars_altar,
          uniq_prince_ribbit1
D:8:      layout_loops_ring, overflow_temple_1_default,
          minmay_hollow_rounded_squares, uniq_grum
D:9:      layout_gridville, enter_bailey_6, serial_bayou_lagoon_b
D:10:     layout_basic, nicolae_gozag_seed_capital,
          nicolae_shop_i_like_big_books, uniq_josephine, uniq_nergalle,
          uniq_erolcha
Temple:   nicolae_temple_bog_church

Skill      XL: |  1  2  3  4  5  6  7  8  9 10 11 12 |
---------------+-------------------------------------+-----
Armour         | 4 5 6 8 9 12 | 12.2
Shields        | 4 5 6 7 8 9 12 | 12.3
Fighting       | 4 5 6 8 9 10 | 10.5
Maces & Flails | 3 4 5 7 8 9 |  9.1

Action                     |  1- 3 |  4- 6 |  7- 9 | 10-12 || total
---------------------------+-------+-------+-------+-------++-------
  Melee: Flail             |    94 |    75 |       |   313 ||   482
         Whip              |       |    18 |   334 |    88 ||   440
  Evoke: Lightning rod     |       |       |       |     4 ||     4
         Wand              |       |       |       |     2 ||     2
         Sack of spiders   |       |       |       |     1 ||     1
    Use: Scroll            |       |     5 |     8 |     7 ||    20
         Potion            |       |     1 |     2 |     2 ||     5
 Armour: Scale mail        |    80 |    53 |       |       ||   133
         Chain mail        |       |    25 |   205 |   246 ||   476
         Skin              |       |       |       |     1 ||     1
         Plate armour      |       |       |       |   181 ||   181
  Dodge: Dodged            |    47 |    51 |    87 |   205 ||   390
  Block: Buckler           |    27 |    28 |    82 |   174 ||   311

Table legend: (Time is in decaauts)
 A = Elapsed time spent in this place.
 B = Non-inter-level travel time spent in this place.
 C = Inter-level travel time spent in this place.
 D = Time resting spent in this place.
 E = Time spent auto-exploring this place.
 F = Levels seen in this place.
 G = Mean time per level.
                   A        B        C        D        E       F      G
               +--------+--------+--------+--------+--------+-----+--------+
         Total |   9591 |   9225 |    366 |    986 |   5955 |  13 |  737.8 |
       Dungeon |   8855 |   8489 |    366 |    722 |   5951 |  10 |  885.5 |
        Temple |      1 |      1 |      0 |      0 |      0 |   1 |    1.0 |
       Ossuary |    387 |    387 |      0 |    190 |      0 |   1 |  387.0 |
        Bailey |    346 |    346 |      0 |     74 |      4 |   1 |  346.0 |
               +--------+--------+--------+--------+--------+-----+--------+

Top non-repeatable levels by time:
     D:7: 1456 daAuts
     D:1: 1162 daAuts
     D:6: 1117 daAuts
     D:4: 1072 daAuts
     D:9: 972 daAuts
     D:8: 949 daAuts
     D:2: 919 daAuts
     D:5: 572 daAuts
     D:3: 568 daAuts
 Ossuary: 387 daAuts
  Bailey: 346 daAuts
    D:10: 64 daAuts
  Temple: 1 daAuts
